 Dungeon Crawl Stone Soup version 0.18.1-47-g9310371 (webtiles) character file.

256 Gargoylian the Skirmisher (level 5, -1/43 HPs)
             Began as a Demonspawn Abyssal Knight on June 21, 2016.
             Was a Priest of Lugonu.
             Slain by a scorpion (4 damage)
             ... on level 6 of the Dungeon.
             The game lasted 00:06:17 (3493 turns).

Gargoylian the Skirmisher (DsAK)                    Turns: 3493, Time: 00:06:18

Health: -1/43      AC:  8    Str: 13 (14) XL:     5   Next: 92%
Magic:  6/6        EV: 16    Int: 11 (13) God:    Lugonu [***...]
Gold:   136        SH:  0    Dex: 14 (17) Spells: 0 memorised, 4 levels left

rFire  . . .     SeeInvis .     a - +2 hand axe
rCold  . . .     Gourm    .     r - +0 ring mail
rNeg   + . .     Faith    .     (no shield)
rPois  .         Spirit   .     (helmet restricted)
rElec  .         Dismiss  .     (no cloak)
rCorr  .         Reflect  .     (no gloves)
SustAt .         Harm     .     h - +0 pair of boots
MR     .....                    (no amulet)
Stlth  +.........               m - ring of positive energy
                                e - ring of loudness (curse)

@: agile, lethally poisoned (-1 -> -6), not resistant to hostile enchantments,
very unstealthy
A: antennae 1, yellow scales 1
a: Depart the Abyss, Bend Space, Banish, Renounce Religion


You were on level 6 of the Dungeon.
You worshipped Lugonu.
Lugonu was most pleased with you.
You were not hungry.

You visited 1 branch of the dungeon, and saw 5 of its levels.
You visited the Abyss 1 time.

You collected 136 gold pieces.

Inventory:

Hand Weapons
 a - a +2 hand axe (weapon)
Armour
 h - a +0 pair of boots (worn)
 r - a +0 ring mail (worn)
Jewellery
 e - a cursed ring of loudness (left hand)
 m - a ring of positive energy (right hand)
Scrolls
 b - 2 scrolls of identify
 f - a scroll of magic mapping
 i - a scroll of amnesia
Books
 d - a book of Burglary

   Spells                             Type                      Level
   a - Swiftness                      Charms/Air                   2
   b - Passwall                       Transmutation/Earth          2
   c - Passage of Golubria            Translocation                4
   d - Lee's Rapid Deconstruction     Earth                        5
   e - Darkness                       Hexes                        6
   f - Invisibility                   Hexes                        6
Comestibles
 c - 3 bread rations
 j - 2 chunks of flesh
 k - a beef jerky
 p - a meat ration


   Skills:
 + Level 4.4 Fighting
 + Level 2.8 Axes
 * Level 2.8 Armour
 + Level 2.9 Dodging
 + Level 0.6 Stealth
 + Level 2.6 Invocations


You had 4 spell levels left.
You didn't know any spells.

Dungeon Overview and Level Annotations

Branches:
Dungeon (4/15)
 Temple: D:4-7

Altars:
Qazlal
Xom

Annotations:
D:3 Grinder


Innate Abilities, Weirdness & Mutations

You have a pair of small antennae on your head.
You are partially covered in yellow scales (AC +2).


Message History

The orc is almost dead.
You barely miss the scorpion.
You feel sick. The orc misses you. The scorpion completely misses you.
The orc warrior hits you with a dire flail!!
Ouch! That really hurt!
* * * LOW HITPOINT WARNING * * *
You hit the orc warrior but do no damage.
You hit the scorpion.
The scorpion is moderately wounded.
You hit the orc.
You kill the orc!
Lugonu accepts your kill.
You feel sick. The scorpion barely misses you.
The orc warrior hits you with a dire flail.
* * * LOW HITPOINT WARNING * * *
You completely miss the orc warrior. You hit the scorpion.
The scorpion is heavily wounded.
* * * LOW HITPOINT WARNING * * *
You feel sick. The scorpion stings you.
You die...

..... .. ..#.
... ####...##
##..#
#.......##.....
#..............
#..............
#......o.o.#
#.......#o#
####....#@#
#.#.os.# #
###...# ###.#
... .### .# ##


You could see an orc warrior, a scorpion, an orc wizard and an orc.

Vanquished Creatures
  A giant frog skeleton (D:4)
  Natasha (D:4)
  Robin (D:2)
  11 adders
  5 worms
  A dart slug (D:1)
  4 orcs
  10 bats
  6 giant cockroaches
  10 goblins
  8 hobgoblins
  2 jackals (D:2)
  5 kobolds
  8 giant newts
  7 rats
80 creatures vanquished.

Notes
Turn   | Place    | Note
--------------------------------------------------------------
     0 | Abyss:1  | Gargoylian the Demonspawn Abyssal Knight began the quest for the Orb.
     0 | Abyss:1  | Reached XP level 1. HP: 18/18 MP: 2/2
    26 | Abyss:2  | Noticed a guardian serpent
    26 | Abyss:2  | Noticed a naga
    46 | Abyss:3  | Noticed a wretched star
    47 | Abyss:3  | Noticed a hungry ghost
    78 | Abyss:3  | Noticed a small abomination
    81 | D:1      | Escaped the Abyss
   212 | D:1      | Reached * piety under Lugonu
   483 | D:1      | Reached skill level 1 in Dodging
   483 | D:1      | Gained mutation: You are partially covered in yellow scales (AC +2). [demonic ancestry]
   483 | D:1      | Reached XP level 2. HP: 24/24 MP: 3/3
   502 | D:1      | Found a shimmering altar of Xom.
  1116 | D:2      | Reached XP level 3. HP: 21/30 MP: 4/4
  1588 | D:2      | Gained mutation: You have a pair of small antennae on your head. [demonic ancestry]
  1588 | D:2      | Reached XP level 4. HP: 33/37 MP: 5/5
  1592 | D:2      | Reached ** piety under Lugonu
  1617 | D:2      | Noticed Robin
  1625 | D:2      | Killed Robin
  2040 | D:2      | Reached skill level 4 in Fighting
  2420 | D:2      | Reached XP level 5. HP: 36/42 MP: 6/6
  2912 | D:3      | Reached *** piety under Lugonu
  2918 | D:3      | Noticed Grinder
  2940 | D:3      | Paralysed by Grinder for 2 turns
  3189 | D:4      | Noticed Natasha
  3195 | D:4      | Killed Natasha
  3378 | D:4      | Found a stormy altar of Qazlal.
  3484 | D:4      | You fall through a shaft for 2 floors!
  3484 | D:6      | Noticed an orc warrior
  3493 | D:6      | Slain by a scorpion

Skill      XL: |  1  2  3  4 |
---------------+-------------+-----
Axes           | 2 |  2.8
Dodging        | 1 2 |  2.9
Armour         | 2 |  2.8
Fighting       | 4 |  4.4
Stealth        | |  0.6
Invocations    | |  2.6

Action                   |  1- 3 |  4- 6 || total
-------------------------+-------+-------++-------
Melee: Hand axe          |   105 |   185 ||   290
Invok: Depart the Abyss  |     1 |       ||     1
  Use: Scroll            |     4 |     1 ||     5
       Potion            |       |     7 ||     7
  Eat: Chunk             |     3 |     7 ||    10
Armor: Leather armour    |    47 |    71 ||   118
       Ring mail         |       |    29 ||    29
Dodge: Dodged            |    77 |   155 ||   232
